 Dungeon Crawl Stone Soup version 0.30-a0-948-g4fa250aae5 (webtiles) character file.

Game seed: 17161311212686923445

100402 Lobster4 the Thaumaturge (level 15, -10/90 HPs)
             Began as a Deep Elf Air Elementalist on Mar 26, 2023.
             Was a High Priest of Vehumet.
             Mangled by Agnes
             ... wielding a +0 lajatang of speed
              (23 damage)
             ... on level 2 of the Spider Nest.
             The game lasted 01:41:12 (31168 turns).

Lobster4 the Thaumaturge (DEAE)                    Turns: 31168, Time: 01:41:13

Health: -10/90     AC:  6    Str:  8 (10) XL:     15   Next: 80%
Magic:  23/35      EV: 17    Int: 36      God:    Vehumet [*****.]
Gold:   1690       SH:  6    Dex: 16 (19) Spells: 6/42 levels left

rFire   + . .      SeeInvis +    j - +2 mace of Foolhardiness {heavy, Will++ Int+4}
rCold   . . .      Faith    .    f - +0 buckler {rN+}
rNeg    + . .      Spirit   .    C - +1 leather armour "Atarchaseb" {Dex+2 SInv}
rPois   +          Reflect  .    S - +1 helmet
rElec   .          Rampage  .    N - +2 cloak
rCorr   .                        W - +0 pair of gloves of Yesterday {rF+ Str+5}
Will    +++..                    m - +2 pair of boots {Stlth+}
Stlth   +++++                    p - amulet of magic regeneration
HPRegen 0.35/turn                k - ring of poison resistance
MPRegen 0.64/turn                F - +6 ring of intelligence

@: corroded
A: no striking features
a: Renounce Religion


You were on level 2 of the Spider Nest.
You worshipped Vehumet.
Vehumet was extremely pleased with you.
You visited 5 branches of the dungeon, and saw 24 of its levels.

You collected 3026 gold pieces.
You spent 1336 gold pieces at shops.

Inventory:

Hand Weapons
 i - a +0 vampiric short sword
 j - the +2 mace of Foolhardiness (weapon) {heavy, Will++ Int+4}
   (You bought it in a shop on level 6 of the Dungeon)

   Int:       It affects your intelligence (+4).
   Will:      It greatly increases your willpower.
 I - a +1 vampiric dagger
 Q - a +0 sling
Missiles
 z - 51 poisoned darts (quivered)
 A - 2 javelins
 H - a curare-tipped dart
 M - 3 atropa-tipped darts
Armour
 f - a +0 buckler of positive energy (worn)
 m - a +2 pair of boots of stealth (worn)
 B - a +2 leather armour of fire resistance
 C - the +1 leather armour "Atarchaseb" (worn) {Dex+2 SInv}
   (You bought it in a shop on level 6 of the Dungeon)

   Dex:       It affects your dexterity (+2).
   SInv:      It lets you see invisible.
 N - a +2 cloak (worn)
 P - +0 acid dragon scales
 S - a +1 helmet (worn)
 W - the +0 pair of gloves of Yesterday (worn) {rF+ Str+5}
   (You found it on level 3 of the Lair of Beasts)

   Str:       It affects your strength (+5).
   rF:        It protects you from fire.
Jewellery
 a - a ring of flight
 k - a ring of poison resistance (left hand)
 p - an amulet of magic regeneration (around neck)
 s - a ring of fire
 F - a +6 ring of intelligence (right hand)
 R - a ring of ice
 U - a ring of resist corrosion
Wands
 h - a wand of digging (10)
 J - a wand of charming (18)
 K - a wand of flame (18)
 L - a wand of iceblast (20)
Scrolls
 d - 5 scrolls of enchant weapon
 l - 5 scrolls of brand weapon
 q - 2 scrolls of silence
 t - 2 scrolls of magic mapping
 u - 4 scrolls of poison
 E - a scroll of blinking
 G - 3 scrolls of fog
 X - a scroll of fear
 Y - 14 scrolls of identify
 Z - 2 scrolls of amnesia
Potions
 b - 4 potions of magic
 c - 6 potions of flight
 g - 6 potions of brilliance
 n - 2 potions of invisibility
 o - 2 potions of might
 r - 6 potions of curing
 v - a potion of cancellation
 w - 4 potions of haste
 x - 2 potions of lignification
 D - 5 potions of berserk rage
 T - 4 potions of ambrosia
 V - a potion of heal wounds
Miscellaneous
 O - a tin of tremorstones (2/2)


   Skills:
 + Level 9.0 Fighting
 - Level 2.0 Short Blades
 - Level 2.0 Maces & Flails
 - Level 3.0 Throwing
 - Level 6.0 Armour
 - Level 12.0 Dodging
 + Level 9.7 Stealth
 - Level 6.0 Shields
 + Level 14.0 Spellcasting
 + Level 11.7 Conjurations
 - Level 5.0 Fire Magic
 - Level 4.0 Ice Magic
 + Level 11.2 Air Magic
 + Level 10.2 Earth Magic
 - Level 3.0 Evocations


You had 6 spell levels left.
You knew the following spells:

 Your Spells              Type           Power      Damage    Failure   Level
a - Shock                 Conj/Air       100%       1d9       0%          1
b - Sandblast             Erth           100%       2d20      1%          1
c - Airstrike             Air            41%        2d(6-22)  1%          4
d - Iron Shot             Conj/Erth      40%        9d8       1%          6
e - Scorch                Fire           100%       2d10      1%          2
f - Freeze                Ice            100%       1d10      1%          1
g - Iskenderun's Battles  Conj           83%        2d13      1%          5
h - Freezing Cloud        Conj/Ice/Air   37%        6-21      1%          5
i - Sticky Flame          Conj/Fire      72%        2d9       1%          4
s - Swiftness             Air            82%        N/A       1%          3
w - Flame Wave            Conj/Fire      72%        2d16      1%          4

Your spell library contained the following spells:

 Spells                   Type           Power      Damage    Failure   Level
 Eringya's Noxious Bog    Tmut/Pois      12%        N/A       67%         6
 Momentum Strike          Conj/Tloc      100%       3d10      1%          2
 Static Discharge         Conj/Air       100%       2-7/arc   1%          2
 Dazzling Flash           Conj/Hex       100%       N/A       1%          3
 Hailstorm                Conj/Ice       70%        3d15      1%          3
 Ignite Poison            Fire/Tmut/Pois 37%        N/A       1%          3
 Kindle Blastsparks       Fire/Tloc/Air  100%       2d18      1%          3
 Fulminant Prism          Conj/Hex       30%        3d16      1%          4
 Iskenderun's Mystic Bla  Conj/Tloc      61%        2d13      1%          4
 Lee's Rapid Deconstruct  Erth           39%        3d19*     1%          5
 Apportation              Tloc           50%        N/A       2%          1
 Beastly Appendage        Tmut           50%        N/A       2%          1
 Starburst                Conj/Fire      36%        6d11      3%          6
 Blink                    Tloc           50%        N/A       4%          2
 Lesser Beckoning         Tloc           50%        N/A       4%          2
 Wereblood                Tmut           25%        N/A       4%          2
 Spider Form              Tmut/Pois      25%        N/A       8%          3
 Ice Form                 Ice/Tmut       39%        N/A       12%         4
 Alistair's Intoxication  Tmut/Pois      16%        N/A       58%         5
 Simulacrum               Ice/Necr       19%        N/A       87%         6
 Spellforged Servitor     Conj/Summ      30%        N/A       45%         7


Dungeon Overview and Level Annotations

Branches:
Dungeon (15/15)            Temple (1/1) D:6            Lair (5/5) D:8
  Swamp (0/4) Lair:2       Spider (2/4) Lair:3        Slime (0/5) Lair:4
    Orc (1/2) D:11         Vaults (0/5) D:14         Depths (0/4) D:15

Altars:
Ashenzari
Cheibriados
Dithmenos
Elyvilon
Fedhas
Gozag
Hepliaklqana
Kikubaaqudgha
Makhleb
Nemelex Xobeh
Okawaru
Qazlal
Ru
Sif Muna
Trog
Uskayaw
Vehumet
Wu Jian
Xom
Yredelemnul
Zin
The Shining One
Jiyva

Shops:
D:6 *([(   D:8 *   D:15 *

Annotations:
Lair:1 2 transporters, Iniera's ghost, journeyman KoCj
Lair:5 1 runed translucent door, Gennavuch's ghost, journeyman MiBe
Spider:2 Agnes


Message History

Press: ? - help, Dir - move target, p - ghost moth
As you read the scroll of blinking, it crumbles to dust.
The ghost moth stares at you.
You feel your power leaking away.
Your surroundings suddenly seem different.
A jorogumo and a wolf spider come into view.
As you read the scroll of teleportation, it crumbles to dust.
You feel strangely unstable.
You feel much better.
Your surroundings suddenly seem different.
Agnes the Wanderer comes into view.
She is wielding a +0 lajatang of speed.
Found 25 gold pieces.
Magic courses through your body.
Agnes shouts!
You hear a chilling moan.
Agnes drinks a potion.
Agnes suddenly seems more resistant.
A ghost moth comes into view.
A redback comes into view.
As you read the scroll of fear, it crumbles to dust.
You assume a fearsome visage.
The ghost moth looks frightened!
Agnes resists with some effort.
The redback looks frightened!
Agnes misses you. You block Agnes's attack.
Okay, then.
Casting: Iron Shot (dangerous; 1% risk of failure)
Confirm with . or Enter, or press ? or * to list all spells.
You conjure a globe of magical energy.
Agnes barely misses you. x2
Agnes completely misses you.
Unknown command.
Casting: Iskenderun's Battlesphere (safe; 1% risk of failure)
Confirm with . or Enter, or press ? or * to list all spells.
Aiming: Iron Shot (dangerous; 1% risk of failure)
Press: ? - help, Shift-Dir - straight line, f - Agnes
Aim: Agnes, wielding a +0 lajatang of speed and wearing a +0 robe (unusually resistant, 46% to hit)
The iron shot misses Agnes.
You hear a skittering sound.
Agnes hits you with a +0 lajatang of speed!!
* * * LOW HITPOINT WARNING * * *
A pharaoh ant comes into view.
Agnes bows.
Agnes misses you.
Agnes hits you with a +0 lajatang of speed!!
You die...

# ######..# # #
...##. # .....
## B.... .##
##... ..# #...#
.## ## #...
.######
##...#.i###..
.^○...#
#.....*@#.#..
#####.#
#$............#
#.##
#.............#
#..#
##.#.#...#...##
##.# #
###...#####
#.########...#
#^.#...y^†..##
##...########
#####


You could see Agnes (resistant), a pharaoh ant and a friendly battlesphere
(wandering).

Vanquished Creatures
  2 emperor scorpions
  2 spark wasps
  A great orb of eyes (D:15)
  3 entropy weavers
  An ice dragon (D:12)
  A jorogumo (Spider:1)
  An ogre mage (D:15)
  3 hydras
  Erolcha (D:11)
  5 centaur warriors
  8 two-headed ogres
  3 catoblepae (Lair:5)
  A radroach (Spider:1)
  6 boulder beetles
  5 death yaks (Lair:5)
  2 tengu warriors
  8 hell knights (D:10)
  2 sun moths
  5 skeletal warriors (D:12)
  A skyshark (Lair:5)
  3 pharaoh ants
  An orb spider (Spider:1)
  5 steelbarb worms
  4 deep elf pyromancers
  2 wizards (D:15)
  An orc knight (D:15)
  A necromancer (D:14)
  10 ugly things
  6 wolf spiders
  7 cyclopes
  3 manticores
  A moth of wrath (Spider:2)
  6 elephants (Lair:4)
  3 torpor snails (Spider:2)
  3 black mambas
  A black mamba (shapeshifter) (D:15)
  2 unseen horrors
  6 cane toads
  3 demonic crawlers (Spider:1)
  A gargoyle (D:12)
  A rime drake (Lair:4)
  4 komodo dragons
  A tengu conjurer (D:13)
  A queen bee (shapeshifter) (D:15)
  A polar bear (Lair:1)
  A queen bee (Lair:1)
  2 tyrant leeches (Lair:2)
  5 trolls
  15 tarantellas
  A tarantella (shapeshifter) (D:15)
  13 blink frogs (Lair:5)
  17 dream sheep
  13 slime creatures
  6 jumping spiders
  6 culicivoras
  2 centaur simulacra
  2 water elementals (D:13)
  A vampire (D:9)
  2 shadows
  3 wraiths
  3 wyverns
  5 basilisks
  35 yaks
  5 steam dragons
  18 vampire mosquitoes
  A swamp worm (Lair:2)
  23 redbacks
  2 acid dragons
  Duvessa (D:7)
  7 hell hounds (D:10)
  8 water moccasins
  3 sky beasts
  2 ice beasts
  A black bear (D:7)
  6 orc warriors
  4 wolves (Lair:2)
  17 centaurs
  5 ogres
  2 phantoms
  7 bullfrogs
  4 kobold brigands
  3 scorpions
  A bullfrog (shapeshifter) (D:13)
  2 gnoll sergeants
  Dowan (D:7)
  27 killer bees
  An electric eel (D:13)
  5 howler monkeys
  A lava snake (D:15)
  A gnoll bouda (D:9)
  2 hounds
  A jelly (D:6)
  4 orc priests
  2 iguanas
  8 orc wizards
  2 sleepcaps
  5 hell rats (Lair:3)
  8 adders
  16 gnolls
  A shadow imp (D:7)
  3 white imps (D:8)
  2 worms
  27 orcs
  4 ball pythons
  14 endoplasms
  3 giant cockroaches
  10 hobgoblins
  12 jackals
  33 kobolds
  2 quokkas
  4 bats
  5 frilled lizards
  7 goblins
  5 rats
  A bush (Lair:5)
609 creatures vanquished.

Vanquished Creatures (collateral kills)
  6 killer bees (Lair:1)
  2 orc priests (D:5)
  An orc wizard (D:5)
9 creatures vanquished.

Vanquished Creatures (others)
  8 bushes (D:15)
  26 fungi
  26 plants
60 creatures vanquished.

Grand Total: 678 creatures vanquished

Notes
Turn   | Place    | Note
-------+----------+-------------------------------------------
     0 | D:1      | Lobster4 the Deep Elf Air Elementalist began the quest for
                  | the Orb.
     0 | D:1      | Reached XP level 1. HP: 10/10 MP: 6/6
   156 | D:1      | Reached XP level 2. HP: 15/15 MP: 2/8
   733 | D:1      | Reached XP level 3. HP: 20/20 MP: 6/9
  1840 | D:3      | Learned a level 3 spell: Swiftness
  2191 | D:3      | Found a burning altar of Makhleb.
  2232 | D:3      | Reached skill level 1 in Fighting
  2344 | D:3      | Reached XP level 4. HP: 15/25 MP: 6/11
  2401 | D:3      | Noticed a phantom
  2860 | D:4      | Reached skill level 1 in Evocations
  2872 | D:4      | Reached skill level 1 in Short Blades
  2872 | D:4      | Reached skill level 1 in Armour
  2872 | D:4      | Reached XP level 5. HP: 29/29 MP: 10/12
  3323 | D:4      | Found a hide-covered altar of Uskayaw.
  3343 | D:4      | Found a blossoming altar of Fedhas.
  3659 | D:4      | Found a hazy altar of Hepliaklqana.
  3810 | D:5      | Entered Level 5 of the Dungeon
  3898 | D:5      | Reached XP level 6. HP: 34/34 MP: 11/13
  3903 | D:5      | Reached skill level 4 in Spellcasting
  4104 | D:5      | Noticed an ice beast
  4454 | D:5      | Noticed a steam dragon
  4592 | D:6      | Found Ycras's Weapon Boutique.
  4666 | D:6      | Reached XP level 7. HP: 40/40 MP: 13/15
  4848 | D:6      | Found Yxaschag's Antique Armour Shop.
  4860 | D:6      | Found Pen Ynt's Weapon Shop.
  4890 | D:6      | Bought a heavily runed leather armour for 168 gold pieces
  4890 | D:6      | Identified the +1 leather armour "Atarchaseb" {Dex+2 SInv}
                  | (You bought it in a shop on level 6 of the Dungeon)
  5125 | D:6      | Found Jogyosm's General Store.
  5130 | D:6      | Bought a scroll of identify for 30 gold pieces
  5216 | D:6      | Found a staircase to the Ecumenical Temple.
  5228 | Temple   | Entered the Ecumenical Temple
  5489 | Temple   | Became a worshipper of Vehumet
  5583 | D:6      | Noticed a troll
  5975 | D:7      | Noticed a steam dragon
  5982 | D:7      | Killed a steam dragon
  5983 | D:7      | Reached skill level 5 in Spellcasting
  6098 | D:7      | Noticed Duvessa
  6098 | D:7      | Identified the +1 robe "Qykhoir" {Harm Rampage rF++}
  6098 | D:7      | Noticed Dowan
  6108 | D:7      | Killed Duvessa
  6109 | D:7      | Reached XP level 8. HP: 45/45 MP: 13/17
  6112 | D:7      | Killed Dowan
  6337 | D:7      | Reached skill level 5 in Dodging
  6433 | D:7      | Reached skill level 5 in Air Magic
  6507 | D:7      | Reached skill level 6 in Spellcasting
  7010 | D:8      | Noticed a two-headed ogre
  7072 | D:8      | Learned a level 4 spell: Airstrike
  7097 | D:8      | Reached * piety under Vehumet
  7097 | D:8      | Offered knowledge of Sandblast by Vehumet.
  7103 | D:8      | Learned a level 1 spell: Sandblast
  7136 | D:8      | Reached XP level 9. HP: 46/51 MP: 17/20
  7175 | D:8      | Found an opulent altar of Gozag.
  7197 | D:8      | Reached skill level 5 in Conjurations
  7225 | D:8      | Found Meucyble's General Store.
  7233 | D:8      | Bought a scroll of noise for 13 gold pieces
  7234 | D:8      | Bought a scroll of identify for 26 gold pieces
  7322 | D:8      | Found a sacrificial altar of Ru.
  7328 | D:8      | Reached skill level 1 in Earth Magic
  7539 | D:8      | Killed a two-headed ogre
  7540 | D:8      | Reached skill level 7 in Spellcasting
  8061 | D:8      | Noticed a komodo dragon
  8065 | D:8      | Killed a komodo dragon
  8131 | D:8      | Reached XP level 10. HP: 47/58 MP: 16/23
  8212 | D:8      | Found a staircase to the Lair.
  8233 | D:8      | Reached ** piety under Vehumet
  8233 | D:8      | Offered knowledge of Freeze by Vehumet.
  8236 | D:8      | Learned a level 1 spell: Freeze
  8551 | D:9      | Reached skill level 8 in Spellcasting
  8551 | D:9      | Reached skill level 1 in Ice Magic
  8794 | D:9      | Found a bloodstained altar of Trog.
  8911 | D:9      | Identified the +0 ring mail "Qairurph" {Rampage Str+6}
  9009 | D:9      | Found a shimmering altar of Xom.
  9012 | D:9      | Found a white marble altar of Elyvilon.
  9335 | D:9      | Found an opulent altar of Gozag.
  9467 | D:10     | Entered Level 10 of the Dungeon
  9575 | D:10     | Offered knowledge of Scorch by Vehumet.
  9602 | D:9      | Learned a level 2 spell: Scorch
  9750 | D:10     | Reached skill level 5 in Fighting
  9778 | D:9      | Reached *** piety under Vehumet
  9983 | D:10     | Reached skill level 1 in Fire Magic
 10380 | D:10     | Noticed a hell knight
 10382 | D:10     | Noticed a hell knight
 10526 | D:10     | Noticed a brown ugly thing
 10548 | D:10     | Killed a brown ugly thing
 10694 | D:10     | Learned a level 5 spell: Iskenderun's Battlesphere
 11338 | D:6      | Found Ycras's Weapon Boutique.
 11391 | D:6      | Found Jogyosm's General Store.
 11400 | D:6      | Reached XP level 11. HP: 64/64 MP: 17/25
 11515 | D:6      | Found Yxaschag's Antique Armour Shop.
 11525 | D:6      | Found Pen Ynt's Weapon Shop.
 11630 | D:6      | Found a staircase to the Ecumenical Temple.
 11826 | Lair:1   | Entered Level 1 of the Lair of Beasts
 11836 | Lair:1   | Found a transporter.
 11843 | Lair:1   | Noticed an eight-headed hydra
 11919 | Lair:1   | Reached skill level 9 in Spellcasting
 11954 | Lair:1   | Noticed Iniera's ghost (journeyman KoCj)
 11999 | Lair:1   | Offered knowledge of Frozen Ramparts by Vehumet.
 12236 | Lair:1   | Reached **** piety under Vehumet
 12237 | Lair:1   | Reached skill level 1 in Shields
 12264 | Lair:1   | Found a transporter.
 12890 | Lair:2   | Identified a scroll of acquirement
 13045 | D:6      | Bought a runed buckler for 180 gold pieces
 13080 | D:6      | Bought a +1 pair of boots of stealth for 247 gold pieces
 13545 | Lair:2   | Reached skill level 1 in Throwing
 13655 | Lair:2   | Noticed a seven-headed hydra
 13668 | Lair:2   | Killed a seven-headed hydra
 14042 | Lair:2   | Noticed a six-headed hydra
 14053 | Lair:2   | Reached skill level 5 in Armour
 14145 | Lair:2   | Killed a six-headed hydra
 14221 | Lair:2   | Found a staircase to the Swamp.
 14565 | Lair:3   | Offered knowledge of Flame Wave by Vehumet.
 14571 | Lair:3   | Learned a level 4 spell: Flame Wave
 14910 | Lair:3   | Reached skill level 5 in Earth Magic
 14986 | Lair:3   | Reached XP level 12. HP: 69/69 MP: 20/27
 15087 | Lair:3   | Identified the +0 pair of gloves of Yesterday {rF+ Str+5}
 15174 | Lair:3   | Found a hole to the Spider Nest.
 15514 | Lair:4   | Reached skill level 5 in Fire Magic
 15661 | Lair:4   | Reached skill level 5 in Stealth
 15958 | Lair:4   | Found a staircase to the Slime Pits.
 15958 | Lair:4   | Found a viscous altar of Jiyva.
 16093 | Lair:4   | Reached skill level 10 in Spellcasting
 16639 | Lair:5   | Entered Level 5 of the Lair of Beasts
 16639 | Lair:5   | Found a runed translucent door.
 16677 | Lair:5   | Noticed Gennavuch's ghost (journeyman MiBe)
 16711 | Lair:5   | Reached ***** piety under Vehumet
 16734 | Lair:5   | Offered knowledge of Conjure Ball Lightning by Vehumet.
 16753 | Lair:5   | Learned a level 5 spell: Freezing Cloud
 16838 | Lair:5   | Found a sacrificial altar of Ru.
 17229 | Lair:5   | Noticed a death yak
 17236 | Lair:5   | Killed a death yak
 17311 | Lair:5   | Reached skill level 10 in Dodging
 17483 | Lair:5   | Noticed a catoblepas
 17488 | Lair:5   | Noticed a six-headed hydra
 17496 | Lair:5   | Killed a catoblepas
 17497 | Lair:5   | Reached XP level 13. HP: 75/75 MP: 15/29
 17882 | Lair:5   | Found a glowing silver altar of Zin.
 18175 | Lair:5   | Reached skill level 11 in Spellcasting
 19527 | D:11     | Noticed Erolcha
 19539 | D:11     | Acquired 1155 gold pieces
 19650 | D:6      | Bought the +2 mace of Foolhardiness {heavy, Will++ Int+4}
                  | for 672 gold pieces
 19658 | D:6      | Learned a level 6 spell: Iron Shot
 19955 | D:11     | Killed Erolcha
 19998 | D:11     | Found a staircase to the Orcish Mines.
 20327 | D:11     | Found a glowing golden altar of the Shining One.
 20376 | Orc:1    | Entered Level 1 of the Orcish Mines
 20376 | Orc:1    | Noticed an orc warlord
 20706 | D:11     | Found a glowing golden altar of the Shining One.
 20764 | D:11     | Found a staircase to the Orcish Mines.
 21441 | D:12     | Reached skill level 1 in Maces & Flails
 21634 | D:12     | Reached skill level 5 in Shields
 22656 | D:12     | Reached skill level 10 in Conjurations
 22698 | D:12     | Reached XP level 14. HP: 82/82 MP: 13/31
 22771 | D:12     | Reached skill level 12 in Spellcasting
 24523 | D:14     | Found a gate to the Vaults.
 25059 | D:15     | Entered Level 15 of the Dungeon
 25097 | D:15     | Found Gudiqyts's Fire Supplies.
 25155 | D:15     | Reached skill level 10 in Air Magic
 26553 | D:15     | Offered knowledge of Sticky Flame by Vehumet.
 26560 | D:15     | Reached skill level 13 in Spellcasting
 26614 | D:15     | Learned a level 4 spell: Sticky Flame
 26631 | D:15     | Found a staircase to the Depths.
 26937 | D:10     | Reached XP level 15. HP: 77/88 MP: 19/34
 27449 | Spider:1 | Entered Level 1 of the Spider Nest
 27449 | Spider:1 | Noticed an emperor scorpion
 27853 | Lair:3   | Found a hole to the Spider Nest.
 28480 | Lair:3   | Killed an emperor scorpion
 30279 | Spider:2 | Offered knowledge of Eringya's Noxious Bog by Vehumet.
 30530 | Spider:2 | Noticed an emperor scorpion
 30537 | Spider:2 | Killed an emperor scorpion
 30538 | Spider:2 | Reached skill level 10 in Earth Magic
 30893 | Spider:2 | Reached skill level 14 in Spellcasting
 31164 | Spider:2 | Noticed Agnes
 31168 | Spider:2 | Mangled by Agnes

Illustrated notes

Levels and vault maps discovered:
D:1:      scummos_arrival_hexagon, layout_rooms
D:2:      layout_loops_ring
D:3:      wander_river, layout_loops_ring, bloody_makhleb,
          chequers_serial_rivers_small_b, chequers_avenue
D:4:      layout_loops_ring, jmf_multi_god_temple, nzn_hepliaklqana_mist_gate,
          serial_park_tiny_1, minmay_quantized
D:5:      kennysheep_steamy, layout_basic, amcnicky_mini_pool_small,
          ebering_dispersal_statue_hall
D:6:      layout_rooms, minmay_temple_entry_poolview, serial_shops, shop,
          nicolae_stop_n_shop_1, nicolae_shop_stone, nicolae_stop_n_shop_2
D:7:      layout_loops_corners, uniq_duvessa
D:8:      layout_loops_cross, mainiacjoe_overflow_chevrons,
          nicolae_gozag_seed_capital, erik_lair_dragon, serial_shops, shop,
          st_stairs_10, kennysheep_generic_room_12
D:9:      layout_irregular_city, chequers_temple_overflow_statue_of_worship,
          trog_book, kennysheep_diamond
D:10:     minmay_spotlight, layout_loops_cross, minmay_rotating_lava
D:11:     layout_loops_ring, orc_0_dummy, tso_oasis_becter, uniq_erolcha
D:12:     layout_layer_cave, kennysheep_generic_room_7
D:13:     layout_big_octagon
D:14:     layout_loops_corners, david_vaults_1, dreamdust_princess_corridor
D:15:     gammafunk_enter_depths_forms, layout_small_grid, serial_park_square2,
          nicolae_lava_and_water, nicolae_shop_fire_sale
          [nicolae_sub_dead_trees]
Temple:   compressed_dpeg_triangle_lava_temple
Lair:1:   layout_roguey [special_room_bee], gammafunk_ghost_berserking_beasts
Lair:2:   layout_loops_ring, palyth_hydra_swamp_entry, serial_bayou_ford_a,
          infiniplex_staircase_pool_2
Lair:3:   layout_cave_pods, spider_nest_entry_funnel_web
Lair:4:   layout_regular_city, slime_entry_1
Lair:5:   evilmike_catoblepas_cave, layout_cave_pods, basic_altar,
          serial_rivers, chequers_serial_rivers_room_b,
          chequers_serial_rivers_micro_c, chequers_serial_rivers_small_3,
          chequers_serial_rivers_micro_a, chequers_serial_rivers_micro_b,
          chequers_serial_rivers_room_b, ebering_ghost_inner_flame,
          nicolae_quartered_pool_super, lemuel_centaur_altar
Spider:1: layout_cave_pods, hangedman_spider_mandibles
Spider:2: layout_spider_delve, nicolae_spider_claw_tunnel, uniq_agnes
Orc:1:    layout_diamond_mine

Skill      XL: |  1  2  3  4  5  6  7  8  9 10 11 12 13 14 15 |
---------------+----------------------------------------------+-----
Dodging        | 3 4 5 7 8 9 10 11 12 | 12.0
Stealth        | 3 4 5 8 9 |  9.7
Fighting       | 1 2 3 4 5 6 7 8 9 |  9.0
Conjurations   | 2 3 4 6 7 8 10 11 | 11.7
Evocations     | 1 2 3 |  3.0
Short Blades   | 1 2 |  2.0
Armour         | 1 2 3 4 5 6 |  6.0
Spellcasting   | 4 5 6 7 8 9 10 11 13 14 | 14.0
Air Magic      | 4 5 6 7 8 9 10 11 | 11.2
Earth Magic    | 3 4 5 6 7 9 10 | 10.2
Ice Magic      | 3 4 |  4.0
Fire Magic     | 2 4 5 |  5.0
Shields        | 2 3 5 6 |  6.0
Throwing       | 1 3 |  3.0
Maces & Flails | 1 2 |  2.0

Action                     |  1- 3 |  4- 6 |  7- 9 | 10-12 | 13-15 || total
---------------------------+-------+-------+-------+-------+-------++-------
  Melee: War axe           |    10 |       |       |       |       ||    10
         Short sword       |     1 |    14 |       |       |       ||    15
         Dagger            |       |       |    24 |    19 |       ||    43
         Punch             |       |       |     1 |       |       ||     1
         Mace              |       |       |       |       |     4 ||     4
  Throw: Dart              |       |       |    15 |       |     2 ||    17
   Cast: Shock             |   113 |   127 |   176 |   133 |   220 ||   769
         Airstrike         |       |       |    30 |   275 |   307 ||   612
         Sandblast         |       |       |    12 |     1 |    25 ||    38
         Scorch            |       |       |       |    34 |     2 ||    36
         Iskenderun's Batt |       |       |       |    28 |    86 ||   114
         Flame Wave        |       |       |       |     2 |     2 ||     4
         Freeze            |       |       |       |     2 |       ||     2
         Swiftness         |       |       |       |     1 |     1 ||     2
         Freezing Cloud    |       |       |       |       |    35 ||    35
         Iron Shot         |       |       |       |       |    99 ||    99
  Evoke: Wand              |       |       |       |     3 |    12 ||    15
    Use: Scroll            |       |    12 |    10 |    12 |    14 ||    48
         Potion            |       |       |     2 |       |     8 ||    10
   Stab: Sleeping          |     1 |       |       |     1 |       ||     2
 Armour: Robe              |     3 |     5 |       |       |       ||     8
         Leather armour    |       |    11 |    37 |    40 |    52 ||   140
  Dodge: Dodged            |    21 |    33 |    67 |   104 |   177 ||   402
  Block: Buckler           |       |       |       |    13 |    66 ||    79

Table legend: (Time is in decaauts)
 A = Elapsed time spent in this place.
 B = Non-inter-level travel time spent in this place.
 C = Inter-level travel time spent in this place.
 D = Time resting spent in this place.
 E = Time spent auto-exploring this place.
 F = Levels seen in this place.
 G = Mean time per level.
                   A        B        C        D        E       F      G
               +--------+--------+--------+--------+--------+-----+--------+
         Total |  31240 |  28673 |   2567 |   4013 |  19716 |  24 | 1301.7 |
       Dungeon |  19925 |  17996 |   1929 |   2560 |  12358 |  15 | 1328.3 |
        Temple |    280 |    280 |      0 |      0 |    246 |   1 |  280.0 |
          Lair |   8365 |   7779 |    586 |   1009 |   5421 |   5 | 1673.0 |
   Spider Nest |   2666 |   2615 |     51 |    444 |   1691 |   2 | 1333.0 |
  Orcish Mines |      1 |      1 |      0 |      0 |      0 |   1 |    1.0 |
               +--------+--------+--------+--------+--------+-----+--------+

Top non-repeatable levels by time:
  Lair:5: 2529 daAuts
  Lair:3: 2046 daAuts
    D:12: 1963 daAuts
     D:8: 1791 daAuts
    D:10: 1697 daAuts
Spider:1: 1682 daAuts
    D:11: 1559 daAuts
     D:7: 1524 daAuts
     D:9: 1497 daAuts
    D:15: 1466 daAuts
    D:14: 1397 daAuts
  Lair:2: 1300 daAuts
  Lair:1: 1247 daAuts
  Lair:4: 1242 daAuts
     D:6: 1232 daAuts
